 Dungeon Crawl Stone Soup version 0.29.1-15-g9cfb28693d (webtiles) character file.

Game seed: 2516398636892502033

93 Peloso the Covered (level 4, -1/40 HPs)
             Began as a Minotaur Fighter on Apr 1, 2023.
             Was an Initiate of Okawaru.
             Killed from afar by Natasha (11 damage)
             ... with a magic dart
             ... on level 3 of the Dungeon.
             The game lasted 00:02:38 (1808 turns).

Peloso the Covered (Minotaur Fighter)               Turns: 1808, Time: 00:02:38

Health: -1/40      AC:  9    Str: 20    XL:     4   Next: 36%
Magic:  3/3        EV:  7    Int:  5    God:    Okawaru [......]
Gold:   90         SH:  5    Dex: 12    Spells: 3/3 levels left

rFire   . . .      SeeInvis .   a - +0 long sword
rCold   . . .      Faith    .   d - +0 buckler
rNeg    . . .      Spirit   .   c - +0 chain mail
rPois   .          Reflect  .   (helmet restricted)
rElec   .          Harm     .   (no cloak)
rCorr   .          Rampage  .   (no gloves)
Will    .....                   (no boots)
Stlth   ..........              (no amulet)
HPRegen 0.13/turn               (no ring)
MPRegen 0.08/turn               (no ring)

@: no status effects
A: horns 2, retaliatory headbutt
a: Renounce Religion


You were on level 3 of the Dungeon.
You worshipped Okawaru.
Okawaru was noncommittal.
You visited 1 branch of the dungeon, and saw 3 of its levels.

You collected 90 gold pieces.

Inventory:

Hand Weapons
 a - a +0 long sword (weapon)
Armour
 b - a +0 scale mail
 c - a +0 chain mail (worn)
 d - a +0 buckler (worn)
Scrolls
 i - a scroll of enchant weapon
 j - a scroll of teleportation
Potions
 f - 3 potions of curing
 g - 2 potions of might


   Skills:
 + Level 4.2 Fighting
 + Level 3.4 Long Blades
 + Level 4.6 Armour
 + Level 0.5 Dodging
 + Level 4.3 Shields


You had 3 spell levels left.
You didn't know any spells.
Your spell library was empty.

Dungeon Overview and Level Annotations

Branches:
Dungeon (3/15)

Altars:
Okawaru

Annotations:
D:1 1 transporter
D:3 Natasha


Innate Abilities, Weirdness & Mutations

You have a pair of horns on your head.
You reflexively headbutt those who attack you in melee.


Message History

The jackal bites you but does no damage.
The jackal barely misses you.
You hit the jackal.
You kill the jackal!
Okawaru accepts your kill.
Something unseen opens the door.
There is an open door, spattered with blood here.
Things that are here:
a jackal corpse; a jackal corpse; an adder corpse Natasha, Servant of Life and Death comes into view.
Natasha hisses angrily.
Things that are here:
a jackal corpse; a jackal corpse Natasha is nearby!
Natasha is nearby!
Natasha stares at you and mumbles some strange words.
The magic dart hits you.
Natasha extends her claws.
Natasha claws you but does no damage.
You slash Natasha! Your headbutt misses Natasha.
Natasha is severely wounded.
Natasha mumbles some strange words.
You hit Natasha but do no damage.
Natasha is severely wounded.
Natasha casts a spell.
The white imp barely misses you.
You hit Natasha but do no damage. You headbutt Natasha.
Natasha is severely wounded.
Natasha casts a spell.
The white imp hits you.
* * * LOW HITPOINT WARNING * * *
The white imp freezes you.
* * * LOW HITPOINT WARNING * * *
Natasha closely misses you.
You hit Natasha.
Natasha is almost dead.
You block the white imp's attack.
Natasha stares at you and mumbles some strange words.
The magic dart hits you!
You die...

#..........##
##........##
#........#
####+#####.##....#
+.......'..#..##.#
#.≈...≈.####.###.#
#.≈._.≈.#..).# #.#
#.≈...≈h#.#### #.#
+...†5@55.#
####†######
.###...†...#
.........#.##
..##..P...♣..
#...~~~~..♣..#
#....~~♣~~.♣ .#
....~.~~~~~. .$
.P..P.♣~~~~P. #


You could see Natasha, a crimson imp (summoned) and 2 white imps.

Vanquished Creatures
  Natasha (D:3)
  2 adders
  2 dart slugs
  3 bats (D:1)
  3 endoplasms
  2 giant cockroaches (D:1)
  A goblin (D:1)
  7 hobgoblins
  6 jackals
  A quokka (D:2)
  6 ball pythons
  3 frilled lizards
  2 kobolds (D:2)
  5 rats
44 creatures vanquished.

Vanquished Creatures (others)
  2 plants (D:3)
2 creatures vanquished.

Grand Total: 46 creatures vanquished

Notes
Turn   | Place    | Note
-------+----------+-------------------------------------------
     0 | D:1      | Peloso the Minotaur Fighter began the quest for the Orb.
     0 | D:1      | Reached XP level 1. HP: 19/19 MP: 0/0
   107 | D:1      | Reached XP level 2. HP: 27/27 MP: 1/1
   819 | D:1      | Reached XP level 3. HP: 28/33 MP: 2/2
  1730 | D:3      | Found an iron altar of Okawaru.
  1743 | D:3      | Became a worshipper of Warmaster Okawaru
  1749 | D:3      | Noticed Natasha
  1761 | D:3      | Killed Natasha
  1762 | D:3      | Reached XP level 4. HP: 16/40 MP: 3/3
  1800 | D:3      | Noticed Natasha
  1808 | D:3      | Killed from afar by Natasha

Illustrated notes

Levels and vault maps discovered:
D:1:      spicycebolla_arrival_transporter_tutorial, layout_basic
D:2:      layout_loops_ring, serial_park_tiny_1
D:3:      layout_rooms, mainiacjoe_overflow_six_doors_small,
          ebering_ecumenical_altar_rust, serial_bayou_pond_a, uniq_natasha

Skill      XL: |  1  2  3 |
---------------+----------+-----
Shields        | 4 |  4.3
Fighting       | 4 |  4.2
Armour         | 4 |  4.6
Long Blades    | 3 |  3.4
Dodging        | |  0.5

Action                   |  1- 3 |  4- 6 || total
-------------------------+-------+-------++-------
Melee: Long sword        |    93 |    16 ||   109
       Headbutt          |    16 |     1 ||    17
  Use: Scroll            |     4 |       ||     4
Armor: Scale mail        |    19 |       ||    19
       Chain mail        |    29 |    17 ||    46
Dodge: Dodged            |    56 |    17 ||    73
Block: Buckler           |    26 |     5 ||    31
